 Dungeon Crawl Stone Soup version 0.20-a0-854-g0cc194a (webtiles) character file.

287 Alarkh the Slasher (level 6, 48/48 HPs)
             Began as a Demonspawn Fighter on Mar 11, 2017.
             Quit the game on level 4 of the Dungeon.
             The game lasted 00:02:23 (3307 turns).

Alarkh the Slasher (Demonspawn Fighter)             Turns: 3307, Time: 00:02:24

Health: 48/48      AC: 10    Str: 16    XL:     6   Next: 8%
Magic:  6/6        EV:  8    Int: 11    God:
Gold:   153        SH:  9    Dex: 13    Spells: 5/5 levels left

rFire    . . .     SeeInvis .   a - +2 long sword
rCold    . . .     Gourm    .   b - +0 scale mail
rNeg     . . .     Faith    .   c - +0 shield
rPois    .         Spirit   +   (helmet restricted)
rElec    .         Reflect  .   g - +0 cloak
rCorr    .         Harm     .   (no gloves)
MR       .....                  (no boots)
Stlth    ..........             (no amulet)
Regen    0.2/turn               (no ring)
MPRegen  0.1/turn               (no ring)

@: no status effects
A: horns 2, thin metallic scales 1, powered by pain 1, magic shield
a: no special abilities


You were on level 4 of the Dungeon.
You were not hungry.

You visited 1 branch of the dungeon, and saw 4 of its levels.

You collected 153 gold pieces.

Inventory:

Hand Weapons
 a - a +2 long sword (weapon)
Armour
 b - a +0 scale mail (worn)
 c - a +0 shield (worn)
 g - a +0 cloak (worn)
Wands
 m - a wand of lightning (3/15)
Scrolls
 i - a scroll of recharging {unknown}
 j - a scroll of amnesia {unknown}
 p - a scroll of identify {unknown}
Potions
 d - 2 potions of might
 e - a potion of berserk rage
 k - a potion of resistance {unknown}
 l - a potion of heal wounds {unknown}
 n - a potion of mutation {unknown}
Comestibles
 f - 2 bread rations
 h - 2 meat rations


   Skills:
 + Level 3.7 Fighting
 * Level 3.8 Long Blades
 + Level 3.3 Armour
 + Level 2.0 Dodging
 + Level 3.5 Shields


You had 5 spell levels left.
You didn't know any spells.

Dungeon Overview and Level Annotations

Branches:
Dungeon (4/15)
 Temple: D:4-7

Altars:


Innate Abilities, Weirdness & Mutations

You have a pair of horns on your head.
You are partially covered in thin metallic scales. (AC +2)
You sometimes gain a little power by taking damage.
When hurt, damage is shared between your health and your magic reserves.


Message History

You hit the centaur skeleton. You headbutt the centaur skeleton.
The centaur skeleton is moderately damaged.
The centaur skeleton barely misses you.
You hit the centaur skeleton.
The centaur skeleton is heavily damaged.
The centaur skeleton hits you but does no damage.
The centaur skeleton barely misses you.
You hit the centaur skeleton. You headbutt the centaur skeleton!
The centaur skeleton is almost destroyed.
The centaur skeleton hits you but does no damage.
The centaur skeleton barely misses you.
You slash the centaur skeleton!
You destroy the centaur skeleton!
Your Dodging skill increases to level 2!
You have reached level 6!
Your experience leads to an increase in your attributes!
Increase (S)trength, (I)ntelligence, or (D)exterity?
You feel clever.
Your demonic ancestry asserts itself...
You feel your magical essence form a protective shroud around your flesh.
Are you sure you want to abandon this character and quit the game? (Confirm with "yes".)

#. .# # ##. !.#
# #.. $.# ..
#.# ##.#
#.##...## ####
###.#......
#....
####...>..#
#.....#.......#
#......@?###.##
### #......###
#.# #.. #.....#
###.#### #..
#.....
#......######..
#...(
######.........
#....
#######.<. #...
##.. #### #..
###


There were no monsters in sight!

Vanquished Creatures
  A scorpion (D:4)
  A crimson imp (D:3)
  Crazy Yiuf (D:3)
  A centaur skeleton (D:4)
  Robin (D:3)
  5 adders
  3 worms
  5 dart slugs
  5 leopard geckos
  2 ball pythons (D:1)
  3 bats (D:3)
  3 giant cockroaches
  14 goblins
  10 hobgoblins
  4 frilled lizards
  7 kobolds
  5 rats
71 creatures vanquished.

Notes
Turn   | Place    | Note
-------+----------+-------------------------------------------
     0 | D:1      | Alarkh the Demonspawn Fighter began the quest for the Orb.
     0 | D:1      | Reached XP level 1. HP: 18/18 MP: 1/1
   248 | D:1      | Gained mutation: You sometimes gain a little power by taking damage. [demonic ancestry]
   248 | D:1      | Reached XP level 2. HP: 24/24 MP: 2/2
  1094 | D:2      | Gained mutation: You have a pair of small horns on your head. [demonic ancestry]
  1094 | D:2      | Reached XP level 3. HP: 28/29 MP: 3/3
  1720 | D:3      | Reached skill level 1 in Dodging
  1720 | D:3      | Gained mutation: You are partially covered in thin metallic scales. (AC +2) [demonic ancestry]
  1720 | D:3      | Reached XP level 4. HP: 19/35 MP: 4/4
  2372 | D:3      | Gained mutation: You have a pair of horns on your head. [demonic ancestry]
  2372 | D:3      | Reached XP level 5. HP: 41/41 MP: 5/5
  2634 | D:3      | Noticed Robin
  2651 | D:3      | Killed Robin
  2791 | D:3      | Found a runed door.
  3075 | D:3      | Noticed Crazy Yiuf
  3077 | D:3      | Killed Crazy Yiuf
  3148 | D:4      | Noticed a phantom
  3306 | D:4      | Gained mutation: When hurt, damage is shared between your health and your magic reserves. [demonic ancestry]
  3306 | D:4      | Reached XP level 6. HP: 48/48 MP: 6/6
  3307 | D:4      | Quit the game

Vault maps used:
D:1:      mrwooster_arrival_statue_3
D:3:      first_bread, uniq_crazy_yiuf_cottage, uniq_robin
D:4:      kennysheep_generic_room_16

Skill      XL: |  1  2  3  4  5 |
---------------+----------------+-----
Long Blades    | 2 3 |  3.8
Shields        | 3 |  3.5
Armour         | 3 |  3.3
Dodging        | 1 2 |  2.0
Fighting       | |  3.7

Action                   |  1- 3 |  4- 6 || total
-------------------------+-------+-------++-------
Melee: Long sword        |   114 |   139 ||   253
       Headbutt          |    10 |    26 ||    36
  Use: Potion            |       |     1 ||     1
       Scroll            |       |     2 ||     2
  Eat: Chunk             |     3 |     5 ||     8
Armor: Scale mail        |    51 |    69 ||   120
Dodge: Dodged            |    25 |    34 ||    59
Block: Shield            |    47 |    59 ||   106
       Rpst.: Long sword |     9 |     9 ||    18
